 Dungeon Crawl Stone Soup version 0.29-a0-11-ga75d3d97ab (webtiles) character file.

Game seed: 2240194005702792401

341491 Ajdolov the Eclecticist (level 23, -5/188 HPs)
             Began as a Djinni Conjurer on Jan 28, 2022.
             Was a High Priest of Ashenzari.
             Killed from afar by an ice dragon (38 damage)
             ... with a blast of cold
             ... on level 3 of the Depths on Jan 29, 2022.
             The game lasted 04:59:48 (63815 turns).

Ajdolov the Eclecticist (Djinni Conjurer)          Turns: 63815, Time: 04:59:49

Health: -5/188     AC: 17    Str:  9    XL:     23   Next: 1%
Gold:   3581       EV: 20    Int: 39    God:    Ashenzari [*****.] SH: 30 Dex: 19

rFire   + + .      SeeInvis +   F - +10 long sword of Ashenzari's Sorrow {drain, Str+7, Self, Cun} (curse)
rCold   . . .      Faith    .   s - +6 tower shield {reflect}
rNeg    . . .      Spirit   .   r - +2 leather armour of Desmomancy {rC+, Fort, Melee} (curse)
rPois   ∞          Reflect  +   i - +2 helmet of Ashenzari's Seer {Int+3, Range, Self} (curse)
rElec   .          Harm     .   p - +2 cloak "Clairvoyant Visionary" {Cun, Melee} (curse)
rCorr   .          Rampage  .   P - +2 pair of gloves "Bound Together" {Self, Fort} (curse)
Will    +++..      Clarity  +   (boots unavailable)
Stlth   ++++......              b - amulet of Ouranomancy {Reflect MP+9 Str-4 Int+6 SH+5 Stlth+, Self, Cun} (curse)
HPRegen 0.41/turn               c - ring of Supernal Understanding {Dex+6, Cun, Range} (curse)
MPRegen 0.00/turn               O - ring "Distant Gnosis" {Will+, Evo, Self} (curse)

@: flying
A: sickness immunity, fire resistance 2, cold vulnerability 1, float, innate
caster, hp casting, extra vitality 1
}: 2/15 runes: decaying, serpentine
a: Renounce Religion, Curse Item, Shatter the Chains


You were on level 3 of the Depths.
You worshipped Ashenzari.
Ashenzari was extremely pleased with you.
You visited 8 branches of the dungeon, and saw 36 of its levels.
You also visited: Ossuary and Ice Cave.

You collected 3893 gold pieces.
You spent 312 gold pieces at shops.

Inventory:

Hand Weapons
 F - the cursed +10 long sword of Ashenzari's Sorrow (weapon) {drain, Str+7, Self, Cun}
   (You found it on level 6 of the Dungeon)

   A truly terrible weapon, it drains the life of any living foe it strikes.
   Str:       It affects your strength (+7).
   It has a curse which improves the following skills: Introspection: Fighting
   and Spellcasting.
   Cunning:   Dodging and Stealth.
Missiles
 v - 3 throwing nets
Armour
 i - the cursed +2 helmet of Ashenzari's Seer (worn) {Int+3, Range, Self}
   (You took it off Robin on level 2 of the Dungeon)

   It has a curse which improves the following skills: Ranged Combat: Slings,
   Bows, Crossbows and Throwing.
   Introspection: Fighting and Spellcasting.
 p - the cursed +2 cloak "Clairvoyant Visionary" (worn) {Cun, Melee}
   (You found it on level 4 of the Dungeon)

   It has a curse which improves the following skills: Cunning: Dodging and
   Stealth.
   Melee Combat: Short Blades, Long Blades, Axes, Maces & Flails, Polearms,
   Staves and Unarmed Combat.
 r - the cursed +2 leather armour of Desmomancy (worn) {rC+, Fort, Melee}
   (You found it on level 4 of the Dungeon)

   It has a curse which improves the following skills: Fortitude: Armour and
   Shields.
   Melee Combat: Short Blades, Long Blades, Axes, Maces & Flails, Polearms,
   Staves and Unarmed Combat.
 s - a +6 tower shield of reflection (worn)
 P - the cursed +2 pair of gloves "Bound Together" (worn) {Self, Fort}
   (You found it on level 1 of the Lair of Beasts)

   It has a curse which improves the following skills: Introspection: Fighting
   and Spellcasting.
   Fortitude: Armour and Shields.
Jewellery
 b - the cursed amulet of Ouranomancy (around neck) {Reflect MP+9 Str-4 Int+6 SH+5 Stlth+, Self, Cun}
   (You acquired it on level 8 of the Dungeon)

   [amulet of reflection]

   It reflects blocked missile attacks.
   Str:       It affects your strength (-4).
   Int:       It affects your intelligence (+6).
   MP:        It affects your magic capacity (+9).
   SH:        It affects your SH (+5).
   Stlth:     It makes you more stealthy.
   It has a curse which improves the following skills: Introspection: Fighting
   and Spellcasting.
   Cunning:   Dodging and Stealth.
 c - the cursed ring of Supernal Understanding (left hand) {Dex+6, Cun, Range}
   (You found it on level 10 of the Dungeon)

   [ring of dexterity]

   Dex:       It affects your dexterity (+6).
   It has a curse which improves the following skills: Cunning: Dodging and
   Stealth.
   Ranged Combat: Slings, Bows, Crossbows and Throwing.
 t - a +6 ring of intelligence
 B - a ring of resist corrosion
 E - a ring of wizardry
 O - the cursed ring "Distant Gnosis" (right hand) {Will+, Evo, Self}
   (You found it on level 11 of the Dungeon)

   [ring of willpower]

   Will:      It increases your willpower.
   It has a curse which improves the following skills: Evocations: Evocations.
   Introspection: Fighting and Spellcasting.
 Q - an amulet of regeneration
 R - a ring of ice
 Y - a ring of protection from cold
Wands
 a - a wand of iceblast (31)
 l - a wand of charming (9)
 y - a wand of mindburst (14)
 D - a wand of digging (41)
 H - a wand of paralysis (21)
 I - a wand of flame (26)
 N - a wand of polymorph (8)
 S - a wand of acid (17)
Scrolls
 e - 2 scrolls of blinking
 g - 12 scrolls of teleportation
 h - 2 scrolls of magic mapping
 k - 5 scrolls of enchant weapon
 m - 4 scrolls of fog
 n - 3 scrolls of torment
 q - 5 scrolls of noise
 w - 2 scrolls of summoning
 C - 3 scrolls of fear
 U - a scroll of silence
 W - 2 scrolls of brand weapon
Potions
 d - 5 potions of curing
 f - 5 potions of berserk rage
 j - 3 potions of haste
 o - 5 potions of might
 u - 2 potions of lignification
 x - a potion of ambrosia
 z - 2 potions of mutation
 A - 2 potions of invisibility
 G - 3 potions of resistance
 K - 2 potions of heal wounds
 M - 6 potions of brilliance
 X - a potion of cancellation
Miscellaneous
 L - a tin of tremorstones (2/2)
 T - a box of beasts
 V - a phial of floods
 Z - a condenser vane


   Skills:
 + Level 16.6(22.9) Fighting
 - Level 8.9(12.3) Long Blades
 + Level 10.0(13.4) Armour
 + Level 11.3(16.8) Dodging
 - Level 1.5(4.9) Stealth
 + Level 10.4(13.8) Shields
 * Level 20.1(26.2) Spellcasting
 - Level 13.8(16.0) Evocations


You had 6 spell levels left.
You knew the following spells:

 Your Spells              Type           Power      Damage    Failure   Level
a - Magic Dart            Conj           100%       1d8       0%          1
b - Searing Ray           Conj           100%       2d8       0%          2
c - Dazzling Flash        Conj/Hex       100%       N/A       0%          3
d - Fulminant Prism       Conj/Hex       65%        3d28      0%          4
e - Iskenderun's Mystic   Conj/Tloc      100%       2d19      0%          4
f - Freeze                Ice            100%       1d11      0%          1
g - Passwall              Tmut/Erth      100%       N/A       0%          2
h - Call Canine Familiar  Summ           100%       N/A       0%          3
i - Dispel Undead         Necr           100%       3d31      0%          4
j - Animate Dead          Necr           65%        N/A       0%          4
k - Lee's Rapid Deconstr  Erth           65%        3d31*     0%          5
l - Eringya's Noxious Bo  Tmut/Pois      65%        N/A       0%          6
m - Summon Hydra          Summ           65%        N/A       1%          7
n - Monstrous Menagerie   Summ           65%        N/A       1%          7
o - Orb of Destruction    Conj           65%        9d15      1%          7
p - Discord               Hex            65%        N/A       1%          8
Your spell library was empty.

Dungeon Overview and Level Annotations

Branches:
Dungeon (15/15)            Temple (1/1) D:6            Lair (6/6) D:8
  Swamp (4/4) Lair:4        Snake (4/4) Lair:4        Slime (0/5) Lair:5
    Orc (2/2) D:9             Elf (0/3) Orc:2        Vaults (0/5) D:14
 Depths (3/4) D:15           Hell (visited)         Ossuary (visited)
  IceCv (visited)
    Dis: Hell:1         Geh: Hell:1         Coc: Hell:1         Tar: Hell:1

Altars:
Ashenzari
Cheibriados
Dithmenos
Elyvilon
Fedhas
Gozag
Hepliaklqana
Kikubaaqudgha
Makhleb
Nemelex Xobeh
Okawaru
Qazlal
Ru
Sif Muna
Trog
Uskayaw
Vehumet
Wu Jian
Xom
Yredelemnul
Zin
The Shining One
Beogh
Jiyva

Shops:
D:5 (?[:   D:8 (   Orc:1 *   Orc:2 =[*(*   Snake:1 [::   Depths:1 ?:=:

Portals:
Hell: Depths:1 Depths:2 Depths:3
Abyss: Lair:4 Depths:1 Depths:3
Pandemonium: Depths:2 Depths:3
Ziggurat: Depths:3

Annotations:
D:4 3 runed translucent doors, RNPValinor's ghost, novice VSFi; ThereIsNoGod's ghost, amateur DsAK; Verendum's ghost, amateur OpFi; gaukoo's ghost, amateur GrEE
D:8 1 runed translucent door, Yorgos's ghost, novice DsBe
D:9 6 transporters, 3 runed translucent doors, champignon's ghost, novice DsGl
D:14 3 runed translucent doors, p0werm0de's ghost, journeyman DsFi
Lair:4 2 transporters, Dinwef's ghost, journeyman DrCj
Orc:1 2 transporters, Yorgos's ghost, adept MiBe
Depths:1 exclusions: Mara and necromancer
Hell Geryon


Innate Abilities, Weirdness & Mutations

You are immune to sickness and miasma.
You are immune to poison.
Your flesh is very heat resistant. (rF++)
You are vulnerable to cold. (rC-)
You float through the air rather than walking.
You learn spells naturally, not from books.
Your magical power is your life essence.
You have superior vitality. (+4 MHP)


Message History

An iron dragon comes into view.
Aiming: Orb of Destruction (safe; 1% risk of failure)
Press: ? - help, Q - select action, (/) - cycle Shift-Dir - straight line, f - iron dragon
Aim: an iron dragon (wandering, hasn't noticed you)
Okay, then.
Aiming: Orb of Destruction (safe; 1% risk of failure)
Press: ? - help, Q - select action, (/) - cycle Shift-Dir - straight line, f - iron dragon
Aim: an iron dragon (wandering, hasn't noticed you)
The iron dragon roars deafeningly!
* * * LOW HITPOINT WARNING * * *
The orb of destruction hits the iron dragon!!!
The iron dragon is heavily wounded.
Aiming: Orb of Destruction (safe; 1% risk of failure)
Press: ? - help, Q - select action, (/) - cycle Shift-Dir - straight line, f/p - iron dragon
Aim: an iron dragon (magical condensation, heavily wounded)
* * * LOW HITPOINT WARNING * * *
An ice dragon comes into view.
Aiming: Orb of Destruction (safe; 1% risk of failure)
Press: ? - help, Q - select action, (/) - cycle Shift-Dir - straight line, f/p - iron dragon
Aim: an iron dragon (magical condensation, heavily wounded)
The ice dragon roars deafeningly!
* * * LOW HITPOINT WARNING * * *
The orb of destruction hits the iron dragon!!!
You blow up the iron dragon!
Your base Armour skill increases to level 10!
Aiming: Orb of Destruction (safe; 1% risk of failure)
Press: ? - help, Q - select action, (/) - cycle Shift-Dir - straight line, f - ice dragon
Aim: an ice dragon
* * * LOW HITPOINT WARNING * * *
The ice dragon breathes frost at you. The blast of cold misses you.
The orb of destruction hits the ice dragon!!!!
The ice dragon is almost dead.
Aiming: Orb of Destruction (safe; 1% risk of failure)
Press: ? - help, Q - select action, (/) - cycle Shift-Dir - straight line, f/p - ice dragon
Aim: an ice dragon (almost dead)
* * * LOW HITPOINT WARNING * * *
The ice dragon breathes frost at you. The blast of cold hits you!!!
You die...

≈§.<..∩.......≈§.........(.......
§.............§........#...#...##
, ,#................##..##.#.# ,
,, , ...............#....##*# , ,
** ....D...∩.....##....### , ,,
....○§.....##.≈#..###### ≈
,.≈.≈§○§..##...≈##...#### , ,,
.<.....○*....≈≈≈###.#### ,
.≈......@....#≈≈###..#### , ,, >
........#§...##Q≈###.####
,≈≈≈...#....§.§≈.##RC###.#### ,,,
...##....§§§..##C###..###
,..............##≈####≈### ,,,
,..............##≈C###≈###
≈,...........≈..##≈≈###≈###
,,≈≈≈≈ ............####{{###≈≈##
,,, , ............#{#{{####≈≈##


There were no monsters in sight!

Vanquished Creatures
  Mara (Depths:1)
  Bai Suzhen (Depths:2)
  Frederick (Depths:2)
  2 liches (Depths:2)
  The ghost of sobakacece the Executioner, an adept MiFi of Trog (Snake:4)
  A quicksilver dragon (shapeshifter) (D:15)
  A tengu reaver (Depths:3)
  A sphinx (Depths:1)
  Gastronok (D:9)
  Kirke (D:12)
  The ghost of benappo the Sorcerer, an adept DEAE of Vehumet (Snake:4)
  4 nagarajas (Snake:4)
  2 frost giants (Depths:1)
  3 fire giants
  2 fenstrider witches
  An iron dragon (Depths:3)
  27 very ugly things
  A reaper (IceCv)
  8 stone giants
  2 vampire knights
  5 eleionomae
  Nessos (Lair:5)
  3 deep elf annihilators (Depths:2)
  Snorg (D:14)
  6 statues (Depths:2)
  A green death (Swamp:4)
  5 fire dragons
  13 ettins
  A merfolk impaler (Depths:2)
  7 great orbs of eyes
  5 ice dragons
  4 rakshasas
  7 salamander tyrants
  A shambling mangrove (Swamp:4)
  3 death knights
  6 boulder beetles
  18 hydras
  2 hell beasts (Swamp:4)
  3 spriggan air magi
  Fannar (Lair:3)
  14 naga warriors
  7 two-headed ogres
  A catoblepas (Lair:4)
  6 centaur warriors
  2 dancing weapons (D:14)
  12 anacondas
  10 deep troll shamans
  9 alligators
  5 tengu warriors
  6 death yaks
  11 deep troll earth magi
  2 vampire magi
  4 orc high priests (Orc:2)
  A spriggan berserker (Depths:1)
  Urug (Lair:6)
  8 shock serpents
  11 hell knights (Depths:1)
  14 naga sharpshooters
  8 iron trolls
  A sun demon (Depths:2)
  4 salamander mystics
  4 goliath frogs
  5 spriggan druids
  A glowing orange brain (D:15)
  7 bog bodies
  19 deep trolls
  5 swamp dragons
  7 naga ritualists
  A phantasmal warrior (D:15)
  2 large abominations (Swamp:4)
  4 wizards
  2 lindwurms
  4 deep elf pyromancers
  4 orc knights (Orc:2)
  A tengu zombie (Depths:1)
  6 necromancers (Depths:1)
  10 mana vipers
  4 will-o-the-wisps
  A manticore (D:14)
  20 salamanders
  3 oklob plants (Lair:5)
  5 orc sorcerers (Orc:2)
  3 cyclopes
  17 ugly things
  5 guardian serpents
  24 black mambas
  16 naga magi
  15 elephants
  A torpor snail (Lair:3)
  2 ice statues (IceCv)
  3 orange demons (Swamp:4)
  A gargoyle (D:12)
  12 cane toads
  3 kobold demonologists
  Psyche (D:9)
  7 komodo dragons
  4 freezing wraiths
  3 rime drakes
  An unseen horror (D:12)
  7 tengu conjurers
  An anaconda simulacrum (IceCv)
  6 ice devils (IceCv)
  A bloated husk (Swamp:4)
  8 polar bears
  5 trolls
  18 hornets
  A queen bee (shapeshifter) (D:9)
  4 tyrant leeches
  Prince Ribbit (D:6)
  14 dream sheep (Lair:6)
  18 blink frogs
  An ettin zombie (Depths:1)
  14 slime creatures
  21 spriggans
  4 shadows
  3 water elementals (Depths:2)
  3 vampires
  3 wraiths
  4 wyverns
  7 basilisks
  31 yaks
  A steam dragon (D:9)
  2 hogs (D:12)
  4 vampire mosquitoes
  15 swamp worms
  2 wargs (Orc:2)
  2 death yak simulacra (IceCv)
  55 nagas
  A harpy simulacrum (IceCv)
  Edmund (D:6)
  An acid dragon (D:11)
  17 water moccasins
  19 orc warriors
  A hornet zombie (D:8)
  A swamp drake (Swamp:1)
  3 sky beasts
  A meliai simulacrum (D:15)
  5 black bears
  3 necrophages
  33 wolves
  8 boggarts
  9 ogres
  4 centaurs
  5 kobold brigands
  A scorpion (D:6)
  2 gnoll sergeants
  7 bullfrogs
  A wyvern zombie (D:8)
  A cane toad simulacrum (IceCv)
  2 two-headed ogre simulacra (IceCv)
  2 elephant simulacra (IceCv)
  14 killer bees
  2 wights
  2 howler monkeys
  5 electric eels
  A bullfrog zombie (D:7)
  4 centaur zombies
  18 orc priests
  4 hounds
  3 jellies
  A centaur skeleton (D:5)
  A gnoll shaman (D:6)
  Natasha (twice) (D:2)
  A polar bear simulacrum (IceCv)
  2 troll simulacra (IceCv)
  22 orc wizards
  4 spriggan simulacra
  A killer bee zombie (D:7)
  A wolf simulacrum (IceCv)
  A hound skeleton (D:4)
  6 mummies
  Robin (D:2)
  A howler monkey skeleton (D:4)
  2 howler monkey zombies
  12 gnolls
  7 adders
  A naga simulacrum (IceCv)
  3 white imps (IceCv)
  4 ufetubi (IceCv)
  A worm (D:5)
  47 orcs
  12 endoplasms
  7 giant cockroaches
  23 goblins
  9 hobgoblins
  5 jackals
  2 quokkas (D:4)
  6 ball pythons
  4 bats
  3 frilled lizards (D:1)
  17 kobolds
  7 rats
  9 fulminant prisms
1187 creatures vanquished.

Vanquished Creatures (collateral kills)
  Vashnia (Snake:4)
  A thorn hunter (Swamp:3)
  3 ghouls (Swamp:4)
  A very ugly thing (Depths:3)
  An eleionoma (Swamp:4)
  A bunyip (Swamp:4)
  A green death (Swamp:4)
  2 shambling mangroves (Swamp:3)
  A salamander tyrant (Snake:4)
  2 ghost crabs
  A hydra (Swamp:4)
  An ogre mage (D:15)
  A naga warrior (Snake:2)
  A catoblepas (Lair:5)
  A deep troll shaman (Depths:1)
  2 alligators
  A naga sharpshooter (Snake:4)
  2 goliath frogs
  5 bog bodies
  A spriggan druid (Swamp:2)
  3 will-o-the-wisps
  A manticore (D:11)
  3 black mambas
  A naga mage (Snake:2)
  A bloated husk (Swamp:4)
  2 tyrant leeches (Swamp:3)
  A troll (D:9)
  4 hornets
  6 slime creatures (Swamp:4)
  4 spriggans
  A yak (D:8)
  A basilisk (Lair:1)
  A steam dragon (D:8)
  6 vampire mosquitoes (Swamp:2)
  4 nagas
  3 swamp worms
  A hornet zombie (D:6)
  4 orc warriors
  A sky beast (D:7)
  A necrophage (Swamp:4)
  3 centaurs
  3 kobold brigands
  8 bullfrogs
  A scorpion (D:5)
  3 killer bees (D:9)
  2 centaur zombies (Ossuary)
  A bullfrog zombie (D:7)
  An orc priest (D:6)
  A gnoll shaman (D:7)
  2 iguanas (D:5)
  An orc wizard (Orc:2)
  A mummy (Ossuary)
  3 gnolls (D:7)
  An adder (D:6)
  A white imp (D:7)
  7 orcs
  5 kobolds
  4 hobgoblin zombies (Ossuary)
127 creatures vanquished.

Vanquished Creatures (others)
  Jorgrun (D:12)
  Frances (Snake:2)
  3 anacondas
  An alligator (Swamp:4)
  A death yak (Lair:6)
  A goliath frog (Swamp:1)
  A bog body (Swamp:1)
  An orc knight (Orc:1)
  2 black mambas
  A guardian serpent (Snake:4)
  A troll (Orc:1)
  3 bloated husks
  3 blink frogs (Lair:6)
  A water elemental (D:13)
  2 spriggans
  A human (D:12)
  A yak (Lair:6)
  A swamp worm (Swamp:1)
  A water moccasin (Lair:6)
  A wolf (Lair:6)
  An ogre (Orc:1)
  5 orcs (Orc:1)
  14 bushes (Depths:1)
  A butterfly (Depths:1)
  28 foxfires
  444 fulminant prisms
  58 fungi
  146 plants
  11 toadstools (Swamp:3)
  4 withered plants
740 creatures vanquished.

Grand Total: 2054 creatures vanquished

Notes
Turn   | Place    | Note
-------+----------+-------------------------------------------
     0 | D:1      | Ajdolov the Djinni Conjurer began the quest for the Orb.
     0 | D:1      | Reached XP level 1. HP: 15/15 MP: 0/0
   332 | D:1      | Reached XP level 2. HP: 19/21 MP: 0/0
  1467 | D:2      | Found a faded altar of an unknown god.
  1552 | D:2      | Reached XP level 3. HP: 23/25 MP: 0/0
  1552 | D:2      | Learned a level 1 spell: Freeze
  1617 | D:2      | Reached skill level 4 in Spellcasting
  1619 | D:2      | Noticed Robin
  1645 | D:2      | Killed Robin
  1985 | D:2      | Reached XP level 4. HP: 28/31 MP: 0/0
  2120 | D:2      | Noticed Natasha
  2128 | D:2      | Killed Natasha
  2667 | D:2      | Noticed Natasha
  2670 | D:2      | Killed Natasha
  2671 | D:2      | Reached XP level 5. HP: 32/35 MP: 0/0
  2671 | D:2      | Learned a level 2 spell: Passwall
  3150 | D:3      | Reached skill level 5 in Spellcasting
  3489 | D:3      | Reached XP level 6. HP: 37/40 MP: 0/0
  3610 | D:3      | Noticed an ogre
  3614 | D:3      | Killed an ogre
  3998 | D:3      | Found a bloodstained altar of Trog.
  4003 | D:3      | Found a glowing silver altar of Zin.
  4241 | D:3      | Reached skill level 6 in Spellcasting
  4504 | D:4      | Found a runed translucent gate.
  4505 | D:4      | Found a runed translucent gate.
  4505 | D:4      | Found a runed translucent gate.
  4506 | D:4      | Noticed ThereIsNoGod's ghost (amateur DsAK)
  4506 | D:4      | Noticed gaukoo's ghost (amateur GrEE)
  4506 | D:4      | Noticed Verendum's ghost (amateur OpFi)
  4506 | D:4      | Noticed RNPValinor's ghost (novice VSFi)
  4551 | D:4      | Reached XP level 7. HP: 41/46 MP: 0/0
  4551 | D:4      | Learned a level 3 spell: Call Canine Familiar
  4655 | D:4      | Found a basalt altar of Yredelemnul.
  4887 | D:4      | Reached skill level 1 in Fighting
  5250 | D:5      | Entered Level 5 of the Dungeon
  5388 | D:5      | Found Ywa Hei's Magic Scroll Boutique.
  5393 | D:5      | Bought 2 scrolls of identify for 48 gold pieces
  5393 | D:5      | Bought a scroll of identify for 24 gold pieces
  5422 | D:5      | Noticed a water moccasin
  5432 | D:5      | Killed a water moccasin
  5641 | D:5      | Found Wyrakkoe's Weapon Shop.
  5719 | D:5      | Reached XP level 8. HP: 50/55 MP: 0/0
  5862 | D:5      | Found Gacler's Antique Armour Boutique.
  6074 | D:5      | Found Tavvuggynu's Book Emporium.
  6134 | D:5      | Found a burning altar of Makhleb.
  6204 | D:5      | Identified the +2 ring mail "Otreabeul" {rF++ Stlth+}
  6219 | D:5      | Reached skill level 7 in Spellcasting
  6749 | D:6      | Noticed Prince Ribbit
  6766 | D:6      | Killed Prince Ribbit
  6774 | D:6      | Found a sand-covered staircase.
  6778 | Ossuary  | Entered an ossuary
  6785 | Ossuary  | Reached XP level 9. HP: 33/62 MP: 0/0
  6785 | Ossuary  | Learned a level 4 spell: Dispel Undead
  6792 | Ossuary  | Reached skill level 5 in Dodging
  7107 | D:6      | Noticed Edmund
  7120 | D:6      | Killed Edmund
  7138 | D:6      | Reached skill level 8 in Spellcasting
  7269 | D:6      | Found a staircase to the Ecumenical Temple.
  7280 | Temple   | Entered the Ecumenical Temple
  7465 | Temple   | Became a worshipper of Ashenzari the Shackled
  7882 | D:6      | Identified the +10 long sword of Juoggy {drain, Str+7}
  8325 | D:7      | Reached skill level 5 in Fighting
  8527 | D:7      | Reached skill level 1 in Armour
  8661 | D:7      | Reached XP level 10. HP: 63/72 MP: 0/0
  8928 | D:7      | Reached skill level 9 in Spellcasting
  9341 | D:6      | Reached skill level 1 in Shields
  9820 | D:8      | Noticed an elephant
  9820 | D:8      | Found a staircase to the Lair.
  9831 | D:8      | Killed an elephant
 10573 | D:8      | Found Hikisag's Antique Weapon Emporium.
 11041 | D:8      | Reached XP level 11. HP: 76/79 MP: 0/0
 11041 | D:8      | Learned a level 4 spell: Animate Dead
 11055 | D:8      | Reached skill level 10 in Spellcasting
 11226 | D:8      | Reached * piety under Ashenzari
 11226 | D:8      | Identified a scroll of acquirement
 11227 | D:8      | Acquired the amulet "Vick" {Reflect MP+9 Str-4 Int+6 SH+5
                  | Stlth+}
 11244 | D:8      | Found the +3 pair of seven-league boots {Rampage+∞}
 11318 | D:8      | Found a runed translucent door.
 11320 | D:8      | Noticed Yorgos's ghost (novice DsBe)
 11322 | D:8      | Identified the +1 leather armour of Wu Jian's Regard
                  | {Dex+3}
 11775 | D:9      | Found a transporter.
 11777 | D:9      | Found a transporter.
 12444 | D:9      | Found a transporter.
 12455 | D:9      | Found a transporter.
 12704 | D:9      | Noticed Gastronok
 12721 | D:9      | Killed Gastronok
 12722 | D:9      | Reached skill level 5 in Shields
 12910 | D:9      | Found a transporter.
 12910 | D:9      | Found a transporter.
 12994 | D:9      | Found a runed translucent gate.
 12995 | D:9      | Found a runed translucent gate.
 12995 | D:9      | Noticed champignon's ghost (novice DsGl)
 12997 | D:9      | Found a runed translucent gate.
 13192 | D:9      | Identified Sif Muna's Tome of Bewitchment
 13216 | D:9      | Reached ** piety under Ashenzari
 13282 | D:9      | Noticed Psyche
 13315 | D:9      | Killed Psyche
 13515 | D:9      | Found a staircase to the Orcish Mines.
 13632 | D:10     | Entered Level 10 of the Dungeon
 13640 | D:9      | Reached skill level 11 in Spellcasting
 14004 | D:10     | Found an iron altar of Okawaru.
 14302 | D:10     | Reached XP level 12. HP: 72/91 MP: 0/0
 14407 | D:10     | Noticed a two-headed ogre
 14653 | D:10     | Noticed a four-headed hydra
 14663 | D:10     | Killed a four-headed hydra
 14664 | D:10     | Killed a two-headed ogre
 14923 | D:10     | Reached *** piety under Ashenzari
 15502 | D:11     | Reached skill level 12 in Spellcasting
 15679 | D:11     | Noticed a two-headed ogre
 15696 | D:11     | Killed a two-headed ogre
 16482 | Lair:1   | Entered Level 1 of the Lair of Beasts
 16536 | Lair:1   | Noticed a four-headed hydra
 16544 | Lair:1   | Killed a four-headed hydra
 16777 | Lair:1   | Reached **** piety under Ashenzari
 17685 | Lair:1   | Noticed a six-headed hydra
 17692 | Lair:1   | Killed a six-headed hydra
 17693 | Lair:1   | Reached XP level 13. HP: 92/103 MP: 0/0
 17693 | Lair:1   | Learned a level 5 spell: Lee's Rapid Deconstruction
 17790 | Lair:2   | Reached ***** piety under Ashenzari
 17986 | Lair:2   | Reached skill level 13 in Spellcasting
 17993 | Lair:2   | Reached skill level 1 in Long Blades
 18195 | Lair:2   | Found a hide-covered altar of Uskayaw.
 18195 | Lair:2   | Found an ornate altar of the Wu Jian Council.
 18195 | Lair:2   | Noticed a boulder beetle
 18729 | Lair:2   | Noticed a seven-headed hydra
 18736 | Lair:2   | Killed a seven-headed hydra
 18845 | Lair:2   | Killed a boulder beetle
 19430 | Lair:2   | Reached ****** piety under Ashenzari
 19434 | Lair:3   | Noticed Fannar
 19891 | Lair:3   | Found a runed translucent door.
 19891 | Lair:3   | Noticed a four-headed hydra
 19902 | Lair:3   | Noticed a four-headed hydra
 19915 | Lair:3   | Killed a four-headed hydra
 20123 | Lair:3   | Killed Fannar
 20523 | Lair:3   | Killed a four-headed hydra
 20605 | Lair:4   | Noticed a seven-headed hydra
 20615 | Lair:4   | Killed a seven-headed hydra
 20776 | Lair:4   | Reached skill level 14 in Spellcasting
 20936 | Lair:4   | Reached XP level 14. HP: 114/117 MP: 0/0
 21208 | Lair:4   | Reached skill level 5 in Long Blades
 21331 | Lair:4   | Found a transporter.
 21335 | Lair:4   | Found a one-way gate to the infinite horrors of the Abyss.
 21335 | Lair:4   | Noticed Dinwef's ghost (journeyman DrCj)
 21340 | Lair:4   | Found a transporter.
 21520 | Lair:4   | Reached skill level 5 in Armour
 21587 | Lair:4   | Found a staircase to the Snake Pit.
 21682 | Lair:4   | Found a staircase to the Swamp.
 22242 | Lair:5   | Found a stormy altar of Qazlal.
 23118 | Lair:5   | Noticed Nessos
 23122 | Lair:5   | Killed Nessos
 23516 | Lair:5   | Found a staircase to the Slime Pits.
 23724 | Lair:6   | Entered Level 6 of the Lair of Beasts
 23724 | Lair:6   | Found a gate leading to a gauntlet.
 23901 | Lair:6   | Noticed Urug
 23901 | Lair:6   | Identified the +1 robe of Wosarr {rC+ Will+ Dex+2}
 23905 | Lair:6   | Killed Urug
 23921 | Lair:6   | Reached skill level 15 in Spellcasting
 24612 | Lair:6   | Reached XP level 15. HP: 104/123 MP: 0/0
 24612 | Lair:6   | Learned a level 6 spell: Eringya's Noxious Bog
 26243 | Lair:6   | Reached skill level 10 in Fighting
 26967 | D:12     | Noticed Kirke
 26972 | D:12     | Killed Kirke
 27318 | D:12     | Reached skill level 1 in Evocations
 27907 | D:12     | Noticed Jorgrun
 27914 | D:12     | Killed Jorgrun
 28265 | D:13     | Identified Sif Muna's Tome of Confrontation
 28389 | D:13     | Found a frozen archway.
 28402 | IceCv    | Entered an ice cave
 28904 | IceCv    | Noticed a reaper
 28950 | IceCv    | Killed a reaper
 30287 | D:13     | Identified the amulet of the Voivode {Spirit Rampage rPois
                  | Will- SInv}
 30473 | D:14     | Reached XP level 16. HP: 126/130 MP: 0/0
 30506 | D:14     | Reached skill level 5 in Evocations
 30738 | D:14     | Reached skill level 16 in Spellcasting
 30752 | D:14     | Found a sparkling altar of Nemelex Xobeh.
 31106 | D:14     | Found a runed translucent gate.
 31107 | D:14     | Found a runed translucent gate.
 31108 | D:14     | Found a runed translucent gate.
 31109 | D:14     | Noticed an acid blob
 31109 | D:14     | Noticed p0werm0de's ghost (journeyman DsFi)
 31109 | D:14     | Noticed a rockslime
 31128 | D:14     | Found a viscous altar of Jiyva.
 31202 | D:14     | Noticed Snorg
 31208 | D:14     | Killed Snorg
 31499 | D:14     | Found a gate to the Vaults.
 31822 | D:15     | Entered Level 15 of the Dungeon
 32559 | D:15     | Identified the +0 scale mail "Fipsunto" {+Inv Int-5 Dex+6
                  | SInv}
 32710 | D:15     | Found a staircase to the Depths.
 33288 | D:15     | Noticed a frost giant
 33292 | D:15     | Noticed a quicksilver dragon
 33292 | D:15     | a frost giant changed into a quicksilver dragon
 33296 | D:15     | Killed a quicksilver dragon
 33445 | D:15     | Found an ornate altar of the Wu Jian Council.
 33774 | Orc:1    | Entered Level 1 of the Orcish Mines
 34417 | Orc:1    | Found a transporter.
 34417 | Orc:1    | Identified the +7 dire flail of the Eternal Void {vorpal,
                  | Dex+4}
 34536 | Orc:1    | Found a transporter.
 34539 | Orc:1    | Noticed Yorgos's ghost (adept MiBe)
 34616 | Orc:2    | Entered Level 2 of the Orcish Mines
 34925 | Orc:1    | Found Yripi's Assorted Antiques.
 34993 | Orc:2    | Found Reph's Jewellery Shop.
 35165 | Orc:2    | Reached skill level 10 in Evocations
 35261 | Orc:2    | Reached XP level 17. HP: 93/136 MP: 0/0
 35261 | Orc:2    | Learned a level 7 spell: Summon Hydra
 35855 | Orc:2    | Found Gaenyz's General Store.
 35855 | Orc:2    | Found Ulaen's Weapon Shop.
 35856 | Orc:2    | Found Lomoqoam's General Store.
 35856 | Orc:2    | Found Woojy's Armour Shoppe.
 35893 | Orc:2    | Bought a potion of curing for 42 gold pieces
 36086 | Orc:2    | Found a staircase to the Elven Halls.
 36403 | Snake:1  | Entered Level 1 of the Snake Pit
 37505 | Snake:1  | Identified the +10 quarterstaff "Goblinbane" {antimagic,
                  | Stlth+}
 37582 | Snake:1  | Found Vulaessy's Book Boutique.
 37586 | Snake:1  | Found Ziyt's Book Boutique.
 37586 | Snake:1  | Found Hylurr's Armour Shop.
 37589 | Snake:1  | Found Pef Xeuz's Antique Armour Shop.
 37646 | Snake:1  | Found a basalt altar of Yredelemnul.
 38462 | Snake:2  | Reached skill level 17 in Spellcasting
 38476 | Snake:2  | Noticed Frances
 38765 | Snake:2  | Killed Frances
 40226 | Snake:3  | Reached XP level 18. HP: 74/142 MP: 0/0
 41982 | Snake:4  | Entered Level 4 of the Snake Pit
 42231 | Snake:4  | Noticed benappo's ghost (adept DEAE)
 42287 | Snake:4  | Noticed sobakacece's ghost (adept MiFi)
 42692 | Snake:4  | Found a runed translucent gate.
 42692 | Snake:4  | Found a runed translucent gate.
 42692 | Snake:4  | Found a runed translucent gate.
 43090 | Snake:4  | Found a sacrificial altar of Ru.
 44178 | Snake:4  | Noticed Vashnia
 44491 | Snake:4  | Killed Vashnia
 45112 | Snake:4  | Got a serpentine rune of Zot
 45382 | Snake:4  | Killed benappo's ghost
 45383 | Snake:4  | Reached XP level 19. HP: 110/157 MP: 0/0
 45383 | Snake:4  | Learned a level 7 spell: Monstrous Menagerie
 45411 | Snake:4  | Killed sobakacece's ghost
 45707 | Snake:4  | Reached skill level 18 in Spellcasting
 45707 | Snake:4  | Reached XP level 20. HP: 164/164 MP: 0/0
 45833 | Swamp:1  | Entered Level 1 of the Swamp
 48866 | Swamp:3  | Reached skill level 15 in Fighting
 49315 | Swamp:4  | Entered Level 4 of the Swamp
 51338 | Swamp:4  | Reached XP level 21. HP: 132/175 MP: 0/0
 51338 | Swamp:4  | Learned a level 7 spell: Orb of Destruction
 52233 | Swamp:4  | Got a decaying rune of Zot
 52246 | Swamp:4  | Reached skill level 19 in Spellcasting
 52788 | Depths:1 | Entered Level 1 of the Depths
 53131 | Depths:1 | Identified the +6 great mace "Otsikha" {freeze, Fly rElec
                  | Int-4 Dex+5}
 53911 | Depths:1 | Noticed Mara
 53927 | Depths:1 | Found a white marble altar of Elyvilon.
 53940 | Depths:1 | Found Izionlux's Book Shop.
 53941 | Depths:1 | Found Kaulokki's Jewellery Emporium.
 53943 | Depths:1 | Found Samyah's Book Shop.
 54622 | Depths:1 | Found Wysmuwk's Magic Scroll Shop.
 54823 | Depths:1 | Bought a scroll of teleportation for 66 gold pieces
 54823 | Depths:1 | Bought a scroll of teleportation for 66 gold pieces
 54823 | Depths:1 | Bought a scroll of teleportation for 66 gold pieces
 55336 | Depths:1 | Noticed Ajdolov's illusion
 55345 | Depths:1 | Killed Mara
 55934 | Depths:1 | Found a gateway to Hell.
 57113 | Depths:2 | Found a one-way gate leading to the halls of Pandemonium.
 57152 | Hell     | Entered the Vestibule of Hell
 57153 | Hell     | Noticed Geryon
 57826 | Depths:2 | Reached skill level 10 in Dodging
 57826 | Depths:2 | Reached XP level 22. HP: 154/180 MP: 0/0
 57870 | Depths:2 | Noticed Bai Suzhen
 57887 | Depths:2 | Killed Bai Suzhen
 60857 | Depths:2 | Noticed Frederick
 61225 | Depths:2 | Identified the +1 broad axe "Fiady" {speed, Will+}
 61225 | Depths:2 | Identified the ring "Ceudaef" {Fly rElec rF+ rCorr Str-5}
 61241 | Depths:2 | Killed Frederick
 62274 | Depths:2 | Reached skill level 10 in Shields
 62569 | Depths:3 | Reached skill level 20 in Spellcasting
 62988 | Depths:3 | Identified the +8 glaive of the Smoking Scorpion {freeze,
                  | Dex+3}
 63752 | Depths:3 | Reached XP level 23. HP: 144/188 MP: 0/0
 63752 | Depths:3 | Learned a level 8 spell: Discord
 63762 | Depths:3 | HP: 9/188 [frost giant (illusionary)/bolt of cold (25)]
 63774 | Depths:3 | Found a one-way gateway to a ziggurat.
 63813 | Depths:3 | Reached skill level 10 in Armour
 63815 | Depths:3 | Killed from afar by an ice dragon

Illustrated notes

Levels and vault maps discovered:
D:1:      dpeg_arrival_line_fractal, layout_basic
D:2:      layout_loops_ring, shapermc_ecumenical_altar_venn, uniq_natasha,
          uniq_robin
D:3:      minmay_thinvault, layout_loops_ring, minitemple,
          kennysheep_generic_room_7
D:4:      layout_rooms, nicolae_overflow_crystal_walls, lemuel_crystal_altar,
          gammafunk_ghost_cemetery
D:5:      layout_layer_cave, mainiacjoe_overflow_catwalk, serial_shops,
          kennysheep_little_box, nicolae_shop_hallway_plus,
          nicolae_stop_n_shop_1, nicolae_shop_trees, due_unseen_surprise
D:6:      layout_gridville, minmay_temple_entry_grid,
          nicolae_ossuary_entry_plus, uniq_edmund, uniq_prince_ribbit1
D:7:      layout_rooms, eino_jars
D:8:      layout_basic, david_lair_generic, serial_undead, serial_undead_b,
          serial_undead_c, serial_undead_b, serial_undead_f, serial_shops,
          kennysheep_mini, ebering_ghost_reflecting_pool, minmay_crystal_water
D:9:      layout_roguey, erik_orc_2, ebering_ghost_rock_garden, enter_bailey_5,
          serial_nicolae_subway, nicolae_sub_station_stone,
          nicolae_sub_station_metal, nicolae_sub_station_crystal, uniq_psyche,
          uniq_gastronok
D:10:     layout_roguey, lemuel_doored_altar, evilmike_minifort
D:11:     layout_basic
D:12:     layout_basic, uniq_kirke, uniq_jorgrun
D:13:     layout_roguey, portal_ice_cave_entry_pillars_2, lemuel_freeze_loot_1
D:14:     layout_grid_maze, erik_vaults_1, chequers_serial_rivers_small_a,
          gammafunk_ghost_ooze, nemelex_diamond_rough_becter, uniq_snorg
D:15:     gammafunk_enter_depths_forms, layout_irregular_city,
          nicolae_wu_jian_wuxing_cycle, hangedman_decor_riveting
Temple:   regret_index_temple_generic_petals
Lair:1:   layout_cave_pods, beast_lair_carwin_1
Lair:2:   layout_chaotic_city, nzn_masters_of_martial_movement
Lair:3:   wander_river, layout_cave_pods, pf_torpor_hydra, grunt_megastairs_4,
          infiniplex_staircase_pool, uniq_fannar
Lair:4:   layout_small_grid, skrybe_swamp_entry_bodies,
          minmay_snake_entry_guardpost_medium, gammafunk_ghost_abyssal_escape,
          nicolae_lair_yak_garden
Lair:5:   layout_gridlike, minmay_slime_entry_oklob_enclosed, basic_altar,
          kilobyte_rumbling_trees, grunt_megastairs_1, lemuel_fruit_tree,
          infiniplex_staircase_pool_2, uniq_nessos
Lair:6:   minmay_lair_end_enchanted_forest, layout_loops_ring,
          gauntlet_entry_generic, serial_bayou, serial_bayou_lagoon_a,
          serial_bayou_pond_d, serial_bayou_pond_d, serial_bayou_lake_a,
          uniq_urug
Swamp:1:  layout_falls_marsh, serial_swamp_ruin, evilmike_swamp_ruin_rubble_2,
          evilmike_swamp_ruin_house_5
Swamp:2:  layout_basic_swamp, nicolae_swamp_big_swirl, swamp_pool4
Swamp:3:  cheibrodos_swamp_tower_of_moss, layout_basic_swamp,
          nicolae_swamp_well_well_well, swamp_pool2
Swamp:4:  swamp_vile, layout_basic_swamp, swamp_pool3,
          nicolae_swamp_trees_clearing, nicolae_swamp_spriggan_camp
Snake:1:  layout_onion_interference, basic_altar, drop_trap, minmay_shoptagon
Snake:2:  layout_layer_cave, uniq_frances
Snake:3:  layout_grid_maze, nicolae_snake_yet_another_twisty_hallway
Snake:4:  johnstein_snake_rune_scales, layout_cave_town, basic_altar,
          gammafunk_ghost_cemetery, serial_bayou_pond_a, uniq_vashnia
Orc:1:    layout_caves, serial_shops, shop, gammafunk_ghost_smash,
          minmay_orc_temple_a
Orc:2:    st_orc_elflike, layout_diamond_mine, serial_shops, shop
Depths:1: layout_basic, abyss_entry, hell_entry, serial_shops,
          nicolae_square_shop, nicolae_elyvilon_peaceful_grove,
          kennysheep_kite_vault, minmay_shop_grove, uniq_mara
Depths:2: evilmike_halls_of_destruction, layout_cave_pools,
          hangedman_geh_valley, kennysheep_another_room, pan_entry,
          grunt_ministairs_6, infiniplex_staircase_trident, uniq_bai_suzhen
Depths:3: kennysheep_spiral_hall, layout_cave_pools, enter_ziggurat_e,
          serial_rivers, chequers_serial_rivers_large_b,
          chequers_serial_rivers_marsh, chequers_serial_rivers_micro_c,
          chequers_serial_rivers_large_a, pan_entry, abyss_entry, hell_entry
Hell

Skill      XL: |  1  2  3  4  5  6  7  8  9 10 11 12 13 14 15 16 17 18 19 20 21 22 23 |
---------------+----------------------------------------------------------------------+-----
Spellcasting   | 4 5 6 7 8 9 11 12 14 15 16 17 18 19 20 | 20.1
Fighting       | 2 3 5 7 8 9 10 13 15 16 | 16.6
Dodging        | 3 4 6 7 8 10 11 | 11.3
Armour         | 1 2 4 6 7 8 9 10 | 10.0
Shields        | 3 5 6 7 9 10 | 10.4
Long Blades    | 4 7 8 |  8.9
Evocations     | 4 10 13 | 13.8
Stealth        | |  1.5

Action                   |  1- 3 |  4- 6 |  7- 9 | 10-12 | 13-15 | 16-18 | 19-21 | 22-24 || total
-------------------------+-------+-------+-------+-------+-------+-------+-------+-------++-------
Melee: Short sword       |     8 |       |       |       |       |       |       |       ||     8
       Unarmed           |     3 |       |       |       |       |       |       |       ||     3
       Spear             |       |     7 |       |       |       |       |       |       ||     7
       Trident           |       |       |    25 |       |       |       |       |       ||    25
       Long sword        |       |       |     8 |    57 |    82 |    81 |   205 |    66 ||   499
       Punch             |       |       |     1 |       |       |       |       |       ||     1
 Cast: Magic Dart        |    45 |    77 |    75 |   125 |    75 |    14 |       |       ||   411
       Searing Ray       |     4 |    10 |    22 |    39 |     4 |     3 |     3 |       ||    85
       Fulminant Prism   |       |       |    18 |    47 |    91 |   199 |    85 |    14 ||   454
       Call Canine Famil |       |       |    17 |    38 |     6 |     1 |     1 |       ||    63
       Iskenderun's Myst |       |       |     1 |     7 |    71 |    36 |    44 |    39 ||   198
       Dispel Undead     |       |       |       |    19 |       |       |       |       ||    19
       Dazzling Flash    |       |       |       |    15 |    11 |       |       |       ||    26
       Animate Dead      |       |       |       |    13 |     6 |     4 |       |       ||    23
       Lee's Rapid Decon |       |       |       |       |   198 |   247 |    63 |    29 ||   537
       Eringya's Noxious |       |       |       |       |     9 |    10 |     1 |       ||    20
       Summon Hydra      |       |       |       |       |       |    17 |     8 |       ||    25
       Monstrous Menager |       |       |       |       |       |       |    53 |     7 ||    60
       Orb of Destructio |       |       |       |       |       |       |   128 |   144 ||   272
       Discord           |       |       |       |       |       |       |       |     2 ||     2
Invok: Curse Item        |       |       |     1 |     5 |     3 |       |       |     1 ||    10
       Shatter the Chain |       |       |       |       |       |       |     1 |     1 ||     2
Evoke: Wand              |       |       |       |       |     7 |       |       |       ||     7
       Condenser vane    |       |       |       |       |       |       |     1 |       ||     1
  Use: Scroll            |       |       |    17 |     3 |     2 |     1 |     6 |     5 ||    34
       Potion            |       |       |     1 |     1 |     2 |       |     1 |     3 ||     8
 Stab: Sleeping          |       |     2 |       |     3 |     1 |       |       |     1 ||     7
       Invisible         |       |       |       |     1 |       |       |       |       ||     1
       Paralysed         |       |       |       |       |     8 |       |       |       ||     8
       Distracted        |       |       |       |       |       |     1 |     1 |       ||     2
Armor: Robe              |     2 |     1 |       |       |       |       |       |       ||     3
       Leather armour    |       |       |    32 |    60 |    24 |    39 |    33 |    12 ||   200
Dodge: Dodged            |    11 |     4 |    43 |   148 |    85 |    85 |    80 |    37 ||   493
       Repelled          |       |     1 |       |       |       |       |       |       ||     1
Block: Buckler           |       |       |       |    58 |    73 |    92 |    77 |       ||   300
       Reflection        |       |       |       |     8 |     8 |    30 |    13 |     7 ||    66
       Tower shield      |       |       |       |       |       |       |    19 |   104 ||   123

Table legend: (Time is in decaauts)
 A = Elapsed time spent in this place.
 B = Non-inter-level travel time spent in this place.
 C = Inter-level travel time spent in this place.
 D = Time resting spent in this place.
 E = Time spent auto-exploring this place.
 F = Levels seen in this place.
 G = Mean time per level.
                   A        B        C        D        E       F      G
               +--------+--------+--------+--------+--------+-----+--------+
         Total |  63840 |  60985 |   2855 |  28167 |  22261 |  38 | 1680.0 |
       Dungeon |  22732 |  21499 |   1233 |   7761 |  10412 |  15 | 1515.5 |
        Temple |    216 |    186 |     30 |      0 |    170 |   1 |  216.0 |
          Lair |  11057 |  10422 |    635 |   4639 |   3855 |   6 | 1842.8 |
         Swamp |   6642 |   6433 |    209 |   3288 |   2137 |   4 | 1660.5 |
     Snake Pit |   8714 |   8413 |    301 |   4407 |   2365 |   4 | 2178.5 |
  Orcish Mines |   2385 |   2283 |    102 |    716 |    943 |   2 | 1192.5 |
        Depths |  10421 |  10077 |    344 |   6207 |   2254 |   3 | 3473.7 |
          Hell |      1 |      1 |      0 |      0 |      0 |   1 |    1.0 |
       Ossuary |    253 |    253 |      0 |    154 |     42 |   1 |  253.0 |
      Ice Cave |   1415 |   1415 |      0 |    995 |     83 |   1 | 1415.0 |
               +--------+--------+--------+--------+--------+-----+--------+

Top non-repeatable levels by time:
Depths:1: 4761 daAuts
Depths:2: 4396 daAuts
 Snake:3: 3325 daAuts
 Swamp:4: 2642 daAuts
 Snake:4: 2617 daAuts
     D:9: 2548 daAuts
    D:15: 2414 daAuts
  Lair:5: 2375 daAuts
     D:7: 2072 daAuts
  Lair:4: 1979 daAuts
  Lair:6: 1907 daAuts
 Swamp:3: 1873 daAuts
  Lair:3: 1807 daAuts
     D:3: 1726 daAuts
 Snake:1: 1683 daAuts
